 Dungeon Crawl Stone Soup version 0.15.1-3-g1b33baa (webtiles) character file.

13610 Badjas the Fighter (level 12, -16/100 HPs)
             Began as a Formicid Fighter on Oct 7, 2014.
             Was the Champion of Okawaru.
             Demolished by a hill giant
             ... wielding a +0 giant club
              (39 damage)
             ... on Level 12 of the Dungeon on Oct 10, 2014.
             The game lasted 01:42:09 (14744 turns).

Badjas the Fighter (Formicid Fighter)              Turns: 14744, Time: 01:42:10

HP -16/100       AC 12     Str 24      XL: 12   Next: 34%
MP  17/18        EV 10     Int 14      God: Okawaru [******]
Gold 556         SH 12     Dex 10      Spells:  1 memorised, 12 levels left

rFire  . . .     SeeInvis +     D - +2 great sword (flame)
rCold  + . .     Clarity  .     w - +2 scale mail {rC+}
rNeg   . . .     rCorr    .     c - +0 shield
rPois  .         rRot     .     (helmet unavailable)
rElec  .         Spirit   .     q - +0 cloak
SustAb .         Warding  .     e - +0 pair of gloves {archery}
rMut   .         Stasis   +     X - +0 pair of boots
Gourm  .                        T - amulet of faith
MR     +....                    (no ring)
                                (no ring)

@: lethally poisoned, somewhat resistant to hostile enchantments, unstealthy
A: permanent stasis, dig shafts and tunnels, four strong arms, antennae 3,
clever 1, spit poison 1, strong 1
a: Dig, Shaft Self, Spit Poison, Heroism, Renounce Religion


You were on level 12 of the Dungeon.
You worshipped Okawaru.
Okawaru was exalted by your worship.
You were hungry.

You visited 1 branch of the dungeon, and saw 13 of its levels.

You collected 556 gold pieces.

Inventory:

Hand weapons
 a - a +0 battleaxe
 b - a +0 blowgun
 o - a +0 arbalest
 D - a +2 great sword of flaming (weapon)
Missiles
 f - 3 javelins of returning (quivered)
 t - 16 steel bolts
 u - 8 curare-tipped needles
 A - 34 poisoned needles
 K - 23 bolts
 P - 22 sling bullets
 W - 5 tomahawks of returning
Armour
 c - a +0 shield (worn)
 e - a +0 pair of gloves of archery (worn)
 q - a +0 cloak (worn)
 w - a +2 scale mail of cold resistance (worn)
 z - a +0 scale mail
 C - the +3 robe of Kaetsal {Dex+3 Int+3}
   (You found it on level 4 of the Dungeon)

   It affects your intelligence (+3).
   It affects your dexterity (+3).
 Q - a +0 ring mail of cold resistance
 V - a +2 chain mail of poison resistance
 X - a +0 pair of boots (worn)
Magical devices
 r - a wand of random effects (9) {unknown}
 s - a wand of paralysis (22)
 y - a wand of slowing (6)
 F - a wand of slowing (13)
 H - a wand of disintegration (15)
 M - a wand of paralysis (0)
 Z - a wand of teleportation (2)
Comestibles
 d - 5 bread rations
 i - a meat ration
 I - 2 beef jerkies
Scrolls
 h - 2 scrolls of recharging
 j - 5 scrolls of fear
 n - a scroll of magic mapping
 p - 2 scrolls of remove curse
 J - a scroll of fog
 U - a scroll of vulnerability
Jewellery
 B - an uncursed amulet of guardian spirit
 L - an uncursed amulet of warding
 T - an amulet of faith (around neck)
Potions
 k - 3 potions of curing
 m - 2 potions of flight
 v - a potion of magic {unknown}
 x - a potion of cancellation
 E - a potion of invisibility
 G - 3 potions of brilliance
 N - a potion of porridge
 Y - 3 potions of resistance
Books
 g - a book of Burglary

   Spells                             Type                      Level
   Swiftness                          Charms/Air                   2
   Passwall                           Transmutation/Earth          3
   Passage of Golubria                Translocation                4
   Lee's Rapid Deconstruction         Earth                        5
   Invisibility                       Hexes                        6
   Darkness                           Hexes                        7
 S - a book of Party Tricks

   Spells                             Type                      Level
   *Summon Butterflies                Summoning                    1
   Apportation                        Translocation                1
   Blink                              Translocation                2
   Tukima's Dance                     Hexes                        3
   Alistair's Intoxication            Transmutation/Poison         4
Magical staves
 R - an uncursed staff of power


   Skills:
 + Level 11.4 Fighting
 - Level 7.8(8.0) Axes
   Level 2.5(5.5) Maces & Flails
 - Level 1.5 Throwing
 - Level 4.7 Armour
 - Level 8.1 Dodging
 + Level 8.1 Stealth
 - Level 10.2 Shields
 - Level 1.0 Spellcasting
 - Level 0.2 Summonings
 - Level 1.7 Invocations
 - Level 0.5 Evocations


You had 12 spell levels left.
You knew the following spells:

 Your Spells              Type           Power        Failure   Level  Hunger
a - Summon Butterflies    Summ           #.......     61%         1    ##.....


Dungeon Overview and Level Annotations

Branches:
Dungeon (13/15)            Temple (0/1) D:6             Orc (0/4) D:9
   Lair (0/8) D:8
 Vaults: D:13-14

Altars:
Cheibriados
Fedhas
Okawaru
Qazlal
Sif Muna
Trog

Annotations:
D:5 Menkaure
D:8 exclusion: sensed monster (detected)
D:9 2 exclusions, Erolcha
D:11 exclusions: sensed monster (detected), ugly thing and 1 more exclusion


Innate Abilities, Weirdness & Mutations

Your are under a permanent stasis effect.
You can dig through walls and to a lower floor.
Your four strong arms can wield two-handed weapons with a shield.
You have a pair of large antennae on your head (SInv).
Your mind is acute. (Int +2)
You can spit poison.
Your muscles are strong. (Str +2)


Message History

You slash the hill giant! You burn the hill giant.
The hill giant is heavily wounded.
You feel sick.
The hill giant hits you with a giant club!
You slash the hill giant! You burn the hill giant.
The hill giant is severely wounded.
The hill giant hits you with a giant club!!
* * * LOW HITPOINT WARNING * * *
The hill giant hits you with a giant club!!
* * * LOW HITPOINT WARNING * * *
Drink which item? (? for menu, Esc to quit)
You feel much better.
You feel sick.
Casting: Summon Butterflies
Confirm with . or Enter, or press ? or * to list all spells.
You don't know that spell.
Casting: Summon Butterflies
Confirm with . or Enter, or press ? or * to list all spells.
The hill giant looks more healthy.
The hill giant hits you with a giant club!!!
You die...

,Y.# #.......# ###..##.## ,..#
#.......# #...####.## #Y#*
#####'### **#.### ##.## .Y# #..##
*...* ##.# ### ##..# *#.##*****
##. ## ######'## #.....,,,* ## .#
#.......####......,,* #. .###
#......bbb#*.......,*####.
.'.#####.......#@#*.......,*#....
.#....##.......#C##K......,*#}##.
.####..#.......#cK#)......(*#,*#.
.# ##.#.......##.().......**,*#.
.# #.#.......####)......(,,,*#.
## #.'.......# *.......,****#.
###.......# *......(,* ##
######### *#######**


You could see a hill giant, a centaur and a kobold.

Vanquished Creatures
  4 hill giants
  A gargoyle (D:10)
  Joseph (D:7)
  Psyche (D:11)
  A komodo dragon (D:11)
  2 trolls
  A deep elf mage (D:10)
  A trapdoor spider (D:10)
  A hippogriff (D:9)
  2 wolves (D:8)
  A shadow (D:12)
  A wyvern (D:10)
  Grum (D:8)
  10 yaks (D:12)
  2 hill giant skeletons
  A vampire mosquito (D:12)
  9 orc warriors
  2 black bears
  2 water moccasins
  5 ice beasts
  2 ogres
  A phantom (D:8)
  3 sky beasts
  2 yellow wasps
  7 centaurs
  A manticore skeleton (D:9)
  3 crocodiles
  4 big kobolds
  10 giant frogs
  A wyvern zombie (D:12)
  An eye of draining (D:11)
  A tengu zombie (D:12)
  A cyclops skeleton (D:12)
  8 scorpions
  A water moccasin skeleton (D:9)
  A troll zombie (D:12)
  A yak zombie (D:8)
  2 electric eels (D:9)
  5 killer bees (D:11)
  A wight (D:7)
  7 crimson imps
  A goliath beetle (D:6)
  A jelly (D:8)
  3 centaur skeletons
  7 orc priests
  17 orc wizards
  A hound (D:8)
  9 worker ants
  4 iguanas
  A hound zombie (D:7)
  2 hound skeletons
  Terence (D:2)
  A worker ant zombie (D:9)
  15 adders
  A giant mite (D:3)
  An inept item mimic (D:7)
  3 worms (D:2)
  2 orc zombies
  2 giant geckos (D:3)
  41 orcs
  20 bats
  14 hobgoblins
  4 jackals
  35 kobolds
  3 quokkas
  2 ball pythons
  5 giant cockroaches
  A giant gecko zombie (D:5)
  3 giant newts
  A giant spore (D:8)
  7 goblins
  A kobold zombie (D:6)
  A quokka skeleton (D:9)
  7 rats
  2 ballistomycetes (D:10)
  A fungus (D:5)
332 creatures vanquished.

Vanquished Creatures (others)
  A giant spore (D:10)
  5 butterflies
  2 plants (D:8)
8 creatures vanquished.

Grand Total: 340 creatures vanquished

Notes
Turn   | Place    | Note
--------------------------------------------------------------
     0 | D:1      | Badjas, the Formicid Fighter, began the quest for the Orb.
     0 | D:1      | Reached XP level 1. HP: 18/18 MP: 1/1
   416 | D:1      | Reached XP level 2. HP: 24/24 MP: 3/3
   791 | D:2      | Noticed Terence
   808 | D:2      | Killed Terence
   808 | D:2      | Reached skill level 4 in Shields
   808 | D:2      | Reached XP level 3. HP: 21/30 MP: 4/4
   830 | D:2      | Found an iron altar of Okawaru.
   847 | D:2      | Became a worshipper of Warmaster Okawaru
   959 | D:2      | Found a stormy altar of Qazlal.
  1189 | D:2      | Reached skill level 1 in Dodging
  1189 | D:2      | Reached XP level 4. HP: 27/37 MP: 5/5
  1666 | D:3      | Reached XP level 5. HP: 39/42 MP: 7/7
  1816 | D:3      | Found a deep blue altar of Sif Muna.
  1825 | D:3      | Found a bloodstained altar of Trog.
  2108 | D:3      | Found a snail-covered altar of Cheibriados.
  2326 | D:4      | Got a heavy robe
  2337 | D:4      | Identified the +3 robe of Kaetsal {Dex+3 Int+3} (You found it on level 4 of the Dungeon)
  2732 | D:5      | Entered Level 5 of the Dungeon
  2732 | D:5      | Noticed Menkaure
  2877 | D:5      | Acquired Okawaru's first power
  2877 | D:5      | Reached skill level 5 in Shields
  2877 | D:5      | Reached XP level 6. HP: 48/48 MP: 8/8
  2944 | D:5      | Reached skill level 1 in Axes
  2966 | D:5      | Noticed a centaur
  2985 | D:5      | Killed a centaur
  3191 | D:5      | Reached skill level 1 in Stealth
  3191 | D:5      | Reached XP level 7. HP: 46/55 MP: 9/9
  3286 | D:5      | Reached skill level 1 in Throwing
  3515 | D:6      | Reached XP level 8. HP: 48/61 MP: 9/11
  3529 | D:6      | Reached skill level 6 in Shields
  4241 | D:6      | Found a staircase to the Ecumenical Temple.
  4837 | D:7      | Noticed Joseph
  4910 | D:7      | Killed Joseph
  4910 | D:7      | Reached skill level 5 in Fighting
  4910 | D:7      | Reached skill level 7 in Shields
  4910 | D:7      | Reached XP level 9. HP: 35/68 MP: 9/12
  5211 | D:7      | Found a blossoming altar of Fedhas.
  5303 | D:7      | Reached skill level 5 in Stealth
  5442 | D:7      | Reached skill level 5 in Dodging
  5466 | D:7      | Learned a level 1 spell: Summon Butterflies
  5510 | D:7      | Received a gift from Okawaru
  6529 | D:8      | Noticed Grum
  6543 | D:8      | Reached skill level 8 in Shields
  6580 | D:8      | Killed Grum
  6640 | D:8      | Reached XP level 10. HP: 55/76 MP: 12/14
  6837 | D:8      | Reached skill level 1 in Invocations
  6859 | D:8      | Found a staircase to the Lair.
  6860 | D:8      | Noticed a komodo dragon
  7135 | D:8      | You fall through a shaft!
  7154 | D:9      | You fall through a shaft for 3 floors!
  7507 | D:13     | Noticed a purple ugly thing
  7519 | D:13     | Noticed a hill giant
  7880 | D:10     | Entered Level 10 of the Dungeon
  7899 | D:10     | Reached skill level 5 in Axes
  8017 | D:10     | Noticed a gargoyle
  8251 | D:11     | Identified a scroll of acquirement
  8921 | D:8      | Reached skill level 9 in Shields
  9060 | D:9      | Found a bloodstained altar of Trog.
  9220 | D:9      | Acquired Okawaru's second power
  9861 | D:9      | Reached XP level 11. HP: 55/84 MP: 12/17
  9897 | D:9      | Found a staircase to the Orcish Mines.
 10634 | D:9      | Noticed Erolcha
 10951 | D:10     | Noticed a hill giant
 11445 | D:10     | Killed a gargoyle
 11490 | D:10     | Reached skill level 10 in Shields
 11806 | D:10     | Received a gift from Okawaru
 11899 | D:10     | Killed a hill giant
 11899 | D:10     | Reached skill level 1 in Spellcasting
 12231 | D:11     | Noticed Psyche
 12249 | D:11     | Killed Psyche
 12292 | D:11     | Noticed a green ugly thing
 12838 | D:11     | Gained mutation: You can spit poison. [potion of mutation]
 12838 | D:11     | Gained mutation: Your mind is acute. (Int +2) [potion of mutation]
 12838 | D:11     | Gained mutation: Your muscles are strong. (Str +2) [potion of mutation]
 13324 | D:12     | Noticed a hill giant
 13546 | D:12     | Killed a hill giant
 13770 | D:12     | Received a gift from Okawaru
 13996 | D:12     | Reached XP level 12. HP: 79/97 MP: 18/18
 14148 | D:12     | Noticed a hill giant
 14198 | D:12     | Killed a hill giant
 14198 | D:12     | Reached skill level 10 in Fighting
 14369 | D:12     | Noticed a hill giant
 14626 | D:12     | Killed a hill giant
 14626 | D:12     | Reached skill level 11 in Fighting
 14634 | D:12     | Received a gift from Okawaru
 14742 | D:12     | HP: 2/100 [hill giant/giant club (26)]
 14744 | D:12     | Demolished by a hill giant

Action                   |  1- 3 |  4- 6 |  7- 9 | 10-12 || total
-------------------------+-------+-------+-------+-------++-------
Melee: Flail             |    72 |    19 |     6 |       ||    97
       Hand axe          |       |   123 |   178 |       ||   301
       Battleaxe         |       |       |    68 |   550 ||   618
       Great sword       |       |       |       |    79 ||    79
 Fire: Blowgun           |       |     2 |    81 |   116 ||   199
Throw: Javelin           |       |       |     1 |     6 ||     7
       Tomahawk          |       |       |       |    14 ||    14
       Stone             |       |       |       |    42 ||    42
 Cast: Summon Butterflie |       |       |     1 |     3 ||     4
Invok: Heroism           |       |       |     2 |     4 ||     6
 Abil: Dig               |       |       |       |     4 ||     4
       Shaft Self        |       |       |       |     1 ||     1
Evoke: Wand              |       |       |       |     6 ||     6
  Use: Potion            |       |     1 |     1 |     5 ||     7
       Scroll            |       |       |     7 |    15 ||    22
 Stab: Sleeping          |       |       |    14 |    17 ||    31
       Distracted        |       |       |     1 |     4 ||     5
  Eat: Chunk             |     1 |     5 |     8 |    14 ||    28
       Meat ration       |       |       |     1 |     1 ||     2
       Pizza             |       |       |       |     1 ||     1
       Beef jerky        |       |       |       |     1 ||     1
       Fruit             |       |       |       |     7 ||     7
